 Dungeon Crawl Stone Soup version 0.30-a0-528-g8c47a4955b (webtiles) character file.

Game seed: 6635920537499976244

9752 demibob the Fencer (level 11, -15/78 HPs)
             Began as a Demonspawn Berserker on Dec 23, 2022.
             Was a High Priest of Trog.
             Demolished by a white ugly thing (31 damage)
             ... on level 11 of the Dungeon.
             The game lasted 00:17:16 (10296 turns).

demibob the Fencer (Demonspawn Berserker)          Turns: 10296, Time: 00:17:16

Health: -15/78     AC: 11    Str: 17    XL:     11   Next: 27%
Magic:  11/11      EV: 11    Int:  9    God:    Trog [*****.]
Gold:   491        SH:  4    Dex: 26    Spells: 10/10 levels left

rFire   + + .      SeeInvis .    a - +1 great sword (elec)
rCold   . . .      Faith    .    (shield currently unavailable)
rNeg    . . .      Spirit   .    r - +4 ring mail "Deopteg" {rPois rCorr Int-3 Stlth+}
rPois   +          Reflect  .    x - -2 hat
rElec   .          Harm     .    (cloak unavailable)
rCorr   +          Rampage  .    t - +0 pair of fencer's gloves {Riposte Dex+3}
Will    .....                    u - +1 pair of boots
Stlth   ++                       o - amulet of magic regeneration
HPRegen 0.33/turn                F - ring of protection from fire
MPRegen 0.52/turn                m - ring "Enoorhot" {rF+ Int+3 Dex+6}

@: about to teleport, studying Axes
A: rugged brown scales 1, demonic guardian 2, condensation shield, weakness
stinger 3
a: Renounce Religion, Berserk, Trog's Hand, Brothers in Arms


You were on level 11 of the Dungeon.
You worshipped Trog.
Trog was extremely pleased with you.
You visited 1 branch of the dungeon, and saw 11 of its levels.
You also visited: Sewer.

You collected 631 gold pieces.
You spent 140 gold pieces at shops.


Innate Abilities, Weirdness & Mutations

You are partially covered in rugged brown scales. (AC +1, +3% HP)
A demonic guardian rushes to your aid.
A meltable shield of frost defends you. (SH +4)
You have a sharp stinger which inflicts weakening toxins.


   Skills:
 - Level 3.8 Fighting
 * Level 15.9 Long Blades
 - Level 2.8 Armour
 - Level 1.7 Dodging


You had 10 spell levels left.
You didn't know any spells.
Your spell library was empty.

Inventory:

Hand Weapons
 a - a +1 great sword of electrocution (weapon)
 b - a +3 long sword of flaming
Armour
 r - the +4 ring mail "Deopteg" (worn) {rPois rCorr Int-3 Stlth+}
   (You found it on level 5 of the Dungeon)

   Int:       It affects your intelligence (-3).
   rPois:     It protects you from poison.
   rCorr:     It protects you from acid and corrosion.
   Stlth:     It makes you more stealthy.
 t - the +0 pair of fencer's gloves (worn) {Riposte Dex+3}
   (You acquired it in a sewer)

   It allows the wearer to riposte with melee weapons, swiftly retaliating
   against missed or blocked melee attacks.
   Dex:       It affects your dexterity (+3).
 u - a +1 pair of boots (worn)
 x - a -2 hat (worn)
Jewellery
 m - the ring "Enoorhot" (right hand) {rF+ Int+3 Dex+6}
   (You found it on level 3 of the Dungeon)

   [ring of dexterity]

   Int:       It affects your intelligence (+3).
   Dex:       It affects your dexterity (+6).
   rF:        It protects you from fire.
 o - an amulet of magic regeneration (around neck)
 F - a ring of protection from fire (left hand)
 R - a ring of resist corrosion
Wands
 d - a wand of paralysis (17)
 l - a wand of flame (12)
 B - a wand of light (9)
 G - a wand of mindburst (12)
Scrolls
 c - 3 scrolls of fog
 h - 3 scrolls of teleportation {@r2}
 n - 3 scrolls of identify {@r1}
 q - 3 scrolls of enchant weapon
 v - 4 scrolls of enchant armour
 y - a scroll of poison
Potions
 e - 5 potions of curing {@q1}
 f - a potion of ambrosia
 g - 5 potions of haste {@q3}
 i - 3 potions of lignification
 j - 2 potions of magic
 k - 6 potions of mutation
 p - a potion of berserk rage {!q}
 s - a potion of flight
 z - a potion of degeneration {unknown}
 A - 2 potions of resistance
 D - 3 potions of might {unknown}
 H - a potion of attraction {unknown}

Dungeon Overview and Level Annotations

Branches:
Dungeon (11/15)            Temple (0/1) D:4             Orc (0/2) D:10
  Sewer (visited)
   Lair: D:8-11

Altars:
Cheibriados
Dithmenos
Fedhas
Kikubaaqudgha
Nemelex Xobeh
Qazlal
Ru
Uskayaw
Xom
Yredelemnul

Shops:
D:9

? ##### #.... ###....
..'....## #.....##
#####..######
..........u@.# #.....
........####.####.....
...............^+.....
..........##....#.....
#########.##....#.....
#.........#....>
#+###.)...#.....######
###...## ##......
#..))# ##.......


You could see a white ugly thing (weak).


Message History

Trog accepts your kill.
No target in view!
Things that are here:
a +0 short sword; 6 poisoned darts; a kobold corpse You now have 491 gold pieces (gained 8).
A white ugly thing comes into view.
A white ugly thing is nearby!
Unknown command.
The white ugly thing gurgles horribly!
The white ugly thing bites you but does no damage.
You hit the white ugly thing but do no damage.
Lightning courses through the white ugly thing!
You tail-slap the white ugly thing.
The white ugly thing looks weaker.
The white ugly thing is moderately wounded.
The white ugly thing bites you. The white ugly thing freezes you!!
You completely miss the white ugly thing.
You tail-slap the white ugly thing!
The white ugly thing is moderately wounded.
The white ugly thing bites you. The white ugly thing freezes you!!
* * * LOW HITPOINT WARNING * * *
You are too injured to fight recklessly!
The white ugly thing attacks as you move away!
You block the white ugly thing's attack.
The white ugly thing attacks as you move away!
The white ugly thing completely misses you.
As you read the scroll of teleportation {@r2}, it crumbles to dust.
You feel strangely unstable. The white ugly thing bites you.
* * * LOW HITPOINT WARNING * * *
The white ugly thing freezes you!!
You die...

Skill      XL: |  1  2  3  4  5  6  7  8  9 10 |
---------------+-------------------------------+-----
Long Blades    | 3 4 5 6 8 9 11 13 15 | 15.9
Armour         | 2 |  2.8
Fighting       | |  3.8
Dodging        | |  1.7

Action                   |  1- 3 |  4- 6 |  7- 9 | 10-12 || total
-------------------------+-------+-------+-------+-------++-------
Melee: Falchion          |   156 |   213 |    72 |       ||   441
       Punch             |       |     4 |     1 |       ||     5
       Tailslap          |       |    10 |    37 |    34 ||    81
       Long sword        |       |       |    79 |       ||    79
       Great sword       |       |       |    40 |   166 ||   206
Invok: Berserk           |     2 |     2 |     4 |       ||     8
Evoke: Wand              |       |       |       |    17 ||    17
  Use: Scroll            |     7 |     6 |     2 |    10 ||    25
       Potion            |       |     1 |     2 |     4 ||     7
 Stab: Sleeping          |       |     6 |    10 |       ||    16
       Paralysed         |       |     1 |       |     3 ||     4
       Distracted        |       |       |     1 |     1 ||     2
Armor: Animal skin       |    59 |    29 |       |       ||    88
       Ring mail         |       |    24 |    93 |    71 ||   188
Dodge: Dodged            |   149 |   129 |   116 |    60 ||   454
Block: Other             |       |       |       |    10 ||    10
       Rpst.: Long sword |       |       |    13 |       ||    13
       Falchion          |       |       |     1 |       ||     1
       Great sword       |       |       |     5 |    12 ||    17

Levels and vault maps discovered:
D:1:      ncdulo_halloftheorcs, layout_loops_ring, kennysheep_decorative_pillar,
          hangedman_decor_diamond_cutter, chequers_avenue, st_stairs_3,
          minmay_hexomino_r4
D:2:      layout_loops_ring, basic_ecumenical_altar, minmay_quantized
D:3:      minmay_chambers_of_twos, layout_loops_ring,
          mainiacjoe_overflow_boulevard
D:4:      layout_layer_cave, kiku_gazebo_pond_becter,
          nicolae_ru_great_annihilating_truth, minmay_temple_entry_grid
D:5:      gammafunk_cloud_chamber, layout_loops_corners, serial_bayou,
          serial_bayou_crossing, serial_bayou_pond_d, serial_bayou_lagoon_a,
          serial_bayou_ford_a
D:6:      layout_loops_ring, mainiacjoe_overflow_concentric_impassable,
          gup_sewer_entry_spiral, nrook_loot_triangle, uniq_pikel, uniq_maggie
D:7:      layout_basic, lemuel_mausoleum_altar_yredelemnul,
          grunt_dithmenos_shadows, minivault_26, minivault_5
D:8:      layout_rooms, gammafunk_temple_overflow_pools,
          kennysheep_another_room, serial_park_tiny_2, uniq_grum, uniq_erica,
          uniq_maurice
D:9:      layout_big_octagon, tso_oasis_becter, serial_shops, kennysheep_mini,
          shop, hellmonk_guarded_unrand_lears
D:10:     layout_roguey, nicolae_overflow_hidden_temple, erik_orc_2
D:11:     layout_basic, lair_entry_dummy, kennysheep_small_spiral, uniq_sonja

Notes
Turn   | Place    | Note
-------+----------+-------------------------------------------
     0 | D:1      | demibob the Demonspawn Berserker began the quest for the
                  | Orb.
     0 | D:1      | Reached XP level 1. HP: 18/18 MP: 1/1
    38 | D:1      | Reached skill level 3 in Long Blades
   133 | D:1      | Gained mutation: A weak demonic guardian rushes to your
                  | aid. [demonic ancestry]
   133 | D:1      | Reached XP level 2. HP: 24/24 MP: 2/2
   377 | D:1      | Reached XP level 3. HP: 27/29 MP: 3/3
   623 | D:1      | Reached skill level 4 in Long Blades
   867 | D:1      | Reached ** piety under Trog
   914 | D:1      | Found a stormy altar of Qazlal.
  1444 | D:2      | Reached XP level 4. HP: 35/35 MP: 4/4
  1579 | D:2      | Found a faded altar of an unknown god.
  1962 | D:2      | Identified the +4 hand axe of Sytiah {drain, rF+ Int+4}
  2106 | D:3      | Reached skill level 5 in Long Blades
  2144 | D:3      | Found a shimmering altar of Xom.
  2564 | D:3      | Identified the ring "Enoorhot" {rF+ Int+3 Dex+6}
  2704 | D:3      | Reached *** piety under Trog
  2705 | D:3      | Gained mutation: You have a small tail. [demonic ancestry]
  2705 | D:3      | Reached XP level 5. HP: 41/41 MP: 5/5
  2971 | D:4      | Found a staircase to the Ecumenical Temple.
  3180 | D:4      | Found an ancient bone altar of Kikubaaqudgha.
  3381 | D:4      | Found a sacrificial altar of Ru.
  3394 | D:4      | Reached skill level 6 in Long Blades
  3620 | D:4      | Reached XP level 6. HP: 45/47 MP: 6/6
  3892 | D:5      | Entered Level 5 of the Dungeon
  4013 | D:5      | Identified the +4 ring mail "Deopteg" {rPois rCorr Int-3
                  | Stlth+}
  4167 | D:5      | Found a transporter.
  4257 | D:5      | Found a transporter.
  5157 | D:6      | Noticed Pikel
  5173 | D:6      | Killed Pikel
  5174 | D:6      | Reached skill level 8 in Long Blades
  5174 | D:6      | Gained mutation: You are partially covered in rugged brown
                  | scales. (AC +1, +3% HP) [demonic ancestry]
  5174 | D:6      | Reached XP level 7. HP: 53/53 MP: 7/7
  5189 | D:6      | Found a sparkling altar of Nemelex Xobeh.
  5387 | D:6      | Found a glowing drain.
  5391 | Sewer    | Entered a sewer
  5456 | Sewer    | Reached skill level 9 in Long Blades
  5456 | Sewer    | Gained mutation: You have a tail ending in a sharp stinger.
                  | [demonic ancestry]
  5456 | Sewer    | Reached XP level 8. HP: 59/59 MP: 8/8
  5486 | Sewer    | Identified a scroll of acquirement
  5486 | Sewer    | Acquired the +0 pair of fencer's gloves {Riposte Dex+3}
  5486 | Sewer    | Found the +0 pair of fencer's gloves {Riposte Dex+3}
  5770 | D:6      | Noticed Maggie
  5785 | D:6      | Killed Maggie
  5785 | D:6      | Reached **** piety under Trog
  6025 | D:7      | Reached skill level 10 in Long Blades
  6308 | D:7      | Paralysed by a gnoll for 2 turns
  6439 | D:7      | Paralysed by a gnoll for 4 turns
  6513 | D:7      | Reached skill level 11 in Long Blades
  6652 | D:7      | Found a shadowy altar of Dithmenos.
  6657 | D:7      | Gained mutation: You have a sharp stinger which inflicts
                  | weakening toxins. [demonic ancestry]
  6657 | D:7      | Reached XP level 9. HP: 62/64 MP: 9/9
  6864 | D:7      | Reached skill level 2 in Armour
  6981 | D:7      | Found a basalt altar of Yredelemnul.
  7273 | D:8      | Noticed a cyclops
  7412 | D:8      | Killed a cyclops
  7413 | D:8      | Reached skill level 12 in Long Blades
  7623 | D:8      | Reached skill level 13 in Long Blades
  7623 | D:8      | Gained mutation: A demonic guardian rushes to your aid.
                  | [demonic ancestry]
  7623 | D:8      | Reached XP level 10. HP: 71/73 MP: 10/10
  7723 | D:8      | Found a blossoming altar of Fedhas.
  7723 | D:8      | Found a hide-covered altar of Uskayaw.
  7724 | D:8      | Noticed Erica
  7724 | D:8      | Noticed Maurice
  7738 | D:8      | Killed Erica
  7747 | D:8      | Killed Maurice
  8007 | D:8      | Noticed Grum
  8022 | D:8      | Killed Grum
  8356 | D:9      | Found Upaod's General Store.
  8380 | D:9      | Reached ***** piety under Trog
  8382 | D:9      | Reached skill level 14 in Long Blades
  8452 | D:9      | Received a gift from Trog
  8748 | D:9      | Noticed a tengu warrior
  8761 | D:9      | Killed a tengu warrior
  8762 | D:9      | Reached skill level 15 in Long Blades
  8891 | D:9      | Found the +18 Lear's hauberk
  8986 | D:9      | Found Feafigyj's Magic Scroll Boutique.
  8989 | D:9      | Bought a scroll of identify for 28 gold pieces
  8989 | D:9      | Bought 3 scrolls of identify for 84 gold pieces
  8989 | D:9      | Bought a scroll of identify for 28 gold pieces
  9078 | D:10     | Entered Level 10 of the Dungeon
  9159 | D:10     | Gained mutation: A meltable shield of frost defends you.
                  | (SH +4) [demonic ancestry]
  9159 | D:10     | Reached XP level 11. HP: 69/78 MP: 11/11
  9316 | D:10     | Identified the +1 pair of gloves of Cowardice {rC- Int+6
                  | SInv}
  9708 | D:10     | Noticed an orc knight
  9722 | D:10     | HP: 5/78 [orc knight/+0 long sword of holy wrath (12)]
  9723 | D:10     | Killed an orc knight
  9904 | D:10     | Found a staircase to the Orcish Mines.
  9995 | D:10     | Found a snail-covered altar of Cheibriados.
 10285 | D:11     | Noticed a white ugly thing
 10296 | D:11     | Demolished by a white ugly thing

Vanquished Creatures
  Erica (D:8)
  A tengu warrior (D:9)
  An orc knight (D:10)
  Pikel (D:6)
  2 cyclopes
  Maurice (D:8)
  An unseen horror (D:11)
  A hornet (D:9)
  A vampire (D:9)
  A shadow (D:9)
  13 yaks
  Grum (D:8)
  A steam dragon (D:7)
  An acid dragon (D:11)
  2 water moccasins
  2 orc warriors
  3 wolves (D:8)
  5 centaurs
  A lemure (D:6)
  2 kobold brigands
  4 necrophages
  A bullfrog (D:8)
  2 gnoll sergeants (D:7)
  11 wights
  2 howler monkeys (D:8)
  An electric eel (D:10)
  A centaur zombie (D:7)
  5 orc priests
  A jelly (D:7)
  A human zombie (D:7)
  A gnoll bouda (D:7)
  10 orc wizards
  An ogre zombie (D:5)
  3 mummies (D:7)
  20 gnolls
  2 orc zombies (D:5)
  2 river rats (D:6)
  12 adders
  3 shadow imps
  A white imp (D:8)
  3 worms
  3 dart slugs
  27 orcs
  8 bats
  7 endoplasms
  5 giant cockroaches
  8 goblins
  7 hobgoblins
  14 jackals
  16 kobolds
  3 quokkas
  10 ball pythons
  6 frilled lizards
  6 rats
249 creatures vanquished.

Vanquished Creatures (collateral kills)
  Maggie (D:6)
  An orc priest (D:10)
  A jelly (D:7)
  2 orcs (D:10)
  A ball python (D:1)
  A giant cockroach (D:2)
  3 hobgoblins
  A jackal (D:2)
  A goblin (D:2)
12 creatures vanquished.

Vanquished Creatures (others)
  An orc wizard (D:10)
1 creature vanquished.

Grand Total: 262 creatures vanquished

Table legend: (Time is in decaauts)
 A = Elapsed time spent in this place.
 B = Non-inter-level travel time spent in this place.
 C = Inter-level travel time spent in this place.
 D = Time resting spent in this place.
 E = Time spent auto-exploring this place.
 F = Levels seen in this place.
 G = Mean time per level.
                   A        B        C        D        E       F      G
               +--------+--------+--------+--------+--------+-----+--------+
         Total |  10449 |  10121 |    328 |   1489 |   6638 |  12 |  870.8 |
       Dungeon |  10308 |   9980 |    328 |   1489 |   6566 |  11 |  937.1 |
         Sewer |    141 |    141 |      0 |      0 |     71 |   1 |  141.0 |
               +--------+--------+--------+--------+--------+-----+--------+

Top non-repeatable levels by time:
     D:1: 1289 daAuts
     D:5: 1242 daAuts
     D:7: 1138 daAuts
     D:6: 1097 daAuts
    D:10: 1031 daAuts
     D:4: 925 daAuts
     D:8: 920 daAuts
     D:3: 879 daAuts
     D:2: 841 daAuts
     D:9: 765 daAuts
    D:11: 177 daAuts
   Sewer: 141 daAuts

Table legend:
 A = Non-vault XP
 B = Vault XP
 C = Vault XP percentage of total XP
 D = Non-vault monster count
 E = Vault monster count
 F = Vault count percentage of total count
                 A         B        C        D         E       F
            +---------+---------+-------+---------+---------+-------
      Total |    8111 |    5821 |  41.8 |     186 |      75 |  28.7
            +---------+---------+-------+---------+---------+-------
        D:1 |      63 |       9 |  12.5 |      27 |       6 |  18.2
        D:2 |      57 |      22 |  27.8 |      23 |       4 |  14.8
        D:3 |      36 |      29 |  44.6 |      15 |       8 |  34.8
        D:4 |     128 |      53 |  29.3 |      16 |       4 |  20.0
        D:5 |     160 |      54 |  25.2 |       7 |       3 |  30.0
        D:6 |     141 |    1049 |  88.2 |      11 |       8 |  42.1
        D:7 |    1035 |     711 |  40.7 |      25 |      13 |  34.2
        D:8 |    1988 |    1862 |  48.4 |      20 |       6 |  23.1
        D:9 |    2151 |     809 |  27.3 |      21 |       1 |   4.5
       D:10 |    1731 |    1070 |  38.2 |      13 |      20 |  60.6
       D:11 |     621 |       0 |   0.0 |       8 |       0 |   0.0
      Sewer |       0 |     153 | 100.0 |       0 |       2 | 100.0
            +---------+---------+-------+---------+---------+-------
